AoeStats
← bischlar

Four Lakes

510204696Analyzed
1v1 RM · 16h ago on Sep 29, 2026· 49m 48s· 2 players
Game mode
Random Map
Map size
Tiny (2 player)
Population
200
Speed
Normal
Resources
Standard
Victory
Conquest
Starting age
Dark Age
Ending age
Imperial Age
RankedLock teamsTeams togetherTeam positionsShared explorationLock speedFull tech treeHidden civsTurbo modeCheats
Victory
Defeat
🇺🇸 Chinese · United States
999
+16
🇨🇦 Danes · Canada
996
-16
bischlar
4:40 Loom
11:07 Feudal Age
11:58 Double-Bit Axe
13:47 Fishing Lines
13:36 Man-at-Arms
14:40 Scale Mail Armor
15:25 Town Watch
16:19 Wheelbarrow
15:32 Town Watch
17:31 Arson
20:00 Castle Age
24:20 Elite Skirmisher
26:06 Fletching
26:32 Chain Mail Armor
26:27 Forging
27:05 Bow Saw
27:36 Hand Cart
27:17 Gillnets
28:04 Squires
27:50 Gambesons
29:51 Horse Collar
31:34 Ballistics
31:10 Murder Holes
34:47 Imperial Age
32:25 Padded Archer Armor
32:32 Pikeman
36:15 Conscription
36:15 Bodkin Arrow
37:07 Bracer
37:29 Leather Archer Armor
39:05 Chemistry
39:47 Ring Archer Armor
39:40 Onager
43:28 Heavy Scorpion
45:32 Iron Casting
45:55 Scale Barding Armor
46:41 Husbandry
46:54 Bloodlines
jensen0james
0:26 Loom
12:41 Feudal Age
13:46 Double-Bit Axe
13:54 Gold Mining
19:42 Castle Age
21:00 Fletching
21:10 Padded Archer Armor
21:53 Medium Warships
22:17 Medium Warships
27:25 Gold Shaft Mining
27:29 Wheelbarrow
29:49 Imperial Age
28:05 Bodkin Arrow
28:26 Leather Archer Armor
29:14 Stone Mining
29:41 Hand Cart
29:47 Thumb Ring
29:28 Fishing Lines
31:00 Stone Shaft Mining
31:33 Ballistics
31:05 Town Watch
32:03 Conscription
32:00 Bracer
32:30 Ring Archer Armor
33:17 Town Patrol
35:50 Elite Chu Ko Nu
38:20 Ring Archer Armor
39:33 Chemistry
Connection lost

Rejoining the realm…

Still unreachable

The connection could not be restored.

Session expired

The server has moved on; the page needs a fresh start.